 Dungeon Crawl Stone Soup version 0.29.0-4-gdea44cf6ec (webtiles) character file.

Game seed: 17156241885988811310

56 qw the Chopper (level 3, -11/34 HPs)
             Began as a Gargoyle Berserker on Sept 4, 2022.
             Was a Believer of Trog.
             Killed by divine providence
             ... invoked by an orc priest
              (13 damage)
             ... on level 2 of the Dungeon.
             The game lasted 00:00:35 (1771 turns).

qw the Chopper (Gargoyle Berserker)                 Turns: 1771, Time: 00:00:36

Health: -11/34     AC:  8    Str: 22    XL:     3   Next: 95%
Magic:  3/3        EV: 11    Int:  7    God:    Trog [**....]
Gold:   125        SH:  0    Dex:  9    Spells: 2/2 levels left

rFire   . . .      SeeInvis .   Y - +1 hand axe
rCold   . . .      Faith    .   (no shield)
rNeg    + . .      Spirit   .   a - +0 ring mail
rPois   inf        Reflect  .   (no helmet)
rElec   +          Harm     .   (no cloak)
rCorr   .          Rampage  .   (no gloves)
Will    .....                   (no boots)
Stlth   ..........              (no amulet)
HPRegen 0.11/turn               (no ring)
MPRegen 0.08/turn               (no ring)

@: berserking, about to teleport, very quick
A: sickness immunity, AC +3, negative energy resistance 1, electricity
resistance, torment resistance 1, petrification resistance
a: Renounce Religion, Berserk, Trog's Hand


You were on level 2 of the Dungeon.
You worshipped Trog.
Trog was pleased with you.
You visited 1 branch of the dungeon, and saw 2 of its levels.

You collected 125 gold pieces.


Innate Abilities, Weirdness & Mutations

You are immune to sickness and miasma.
Your stone body is resilient. (AC +3)
You are immune to poison.
You resist negative energy. (rN+)
You are resistant to electric shocks. (rElec)
You are resistant to unholy torment.
You are immune to petrification.


   Skills:
 - Level 3.2 Fighting
 + Level 4.3 Axes
 - Level 2.1 Armour
 - Level 1.5 Dodging


You had 2 spell levels left.
You didn't know any spells.
Your spell library was empty.

Inventory:

Hand Weapons
 i - the +7 whip of Indomitability {vorpal, Str+6 Int-3 Stlth+}
   (You found it on level 2 of the Dungeon)

   It inflicts extra damage upon your enemies.
   Str:       It affects your strength (+6).
   Int:       It affects your intelligence (-3).
   Stlth:     It makes you more stealthy.
 Y - a +1 hand axe (weapon)
Armour
 a - a +0 ring mail (worn)
 n - a +2 cloak
 o - a +0 chain mail
Scrolls
 b - a scroll of poison {unknown}
 k - a scroll of vulnerability {unknown}
 l - a scroll of butterflies {unknown}
 m - a scroll of teleportation
 p - a scroll of noise {unknown}
Potions
 c - a potion of cancellation {unknown}
 d - a potion of lignification {unknown}
 e - 2 potions of curing {unknown}
 f - a potion of haste {unknown}
 g - a potion of attraction {unknown}
 h - 2 potions of brilliance {unknown}
 j - a potion of might

Dungeon Overview and Level Annotations

Branches:
Dungeon (2/15)

Altars:

Shops:
D:1 *


Message History

3 orcs come into view.
The orc shouts! x3; You hear a shout!
An orc wizard comes into view. It is wielding a +2 vampiric dagger.
An orc wizard comes into view. It is wielding a +0 dagger.
You hear a shout!
Enter note: 2 orc priests come into view.
The orc priest shouts! x2
The orc priest looks encouraged for a moment.
The orc wizard gestures wildly while chanting.
The orc wizard flickers and vanishes!
Deactivating autopickup; reactivate with Ctrl-A.
The orc hits you with a +0 dagger.
The orc priest calls down the wrath of Beogh upon the orc.
Beogh smites you!
Ouch! That really hurt!
1768 ||| READING 2 scrolls of teleportation.
As you read the scroll of teleportation, it crumbles to dust.
You feel strangely unstable. The orc closely misses you.
1769 ||| INVOKING Berserk.
A red film seems to cover your vision as you go berserk!
You feel yourself moving faster!
You feel mighty! The orc hits you with a +0 hand axe.
The orc wizard hits you but does no damage.
The orc hits you but does no damage.
You barely miss the orc priest. You slash the orc!
You kill the orc!
Trog accepts your kill.
You hit the orc. You closely miss the orc wizard. The orc barely misses you.
The orc priest barely misses you. The orc hits you but does no damage.
You slash the orc!
You kill the orc!
Trog accepts your kill.
You slash the orc wizard! You barely miss the orc priest.
You closely miss the orc priest.
The orc priest mumbles some strange prayers to Beogh against you.
Beogh smites you!
You die...

##..........##........######
.+..........##.............#
.#...##############'######.#
......# #......#.# ......# #
########.#.# ......#.. ..#
#.#.# ........#########.#
#.#.#
.......###.....o).######.#.#
.%.....# ..8...8@o##.......#
..##.#.# ......o.....#######
..# ...#}......o...### ..#
##.#$..........# ..#
.##..8...8..## ..# #
#........# ..# ########.#
..# ..# ..# ##


You could see 2 orc priests, an orc wizard and an orc.

Vanquished Creatures
  An adder (D:2)
  A worm (D:2)
  A dart slug (D:1)
  2 orcs (D:2)
  An endoplasm (D:1)
  4 giant cockroaches
  4 goblins
  4 hobgoblins
  4 jackals (D:1)
  3 quokkas
  5 ball pythons
  4 bats
  A kobold (D:2)
  2 rats
37 creatures vanquished.

Notes
Turn   | Place    | Note
-------+----------+-------------------------------------------
     0 | D:1      | qw the Gargoyle Berserker began the quest for the Orb.
     0 | D:1      | Reached XP level 1. HP: 14/14 MP: 1/1
     0 | D:1      | 0 ||| qw: Version: 0.1-a-103-gd6f5d3a
     0 | D:1      | 0 ||| qw: Game counter: 5646
     0 | D:1      | 0 ||| qw: Always use a shield: true
     0 | D:1      | 0 ||| qw: Do Orc after D:15 true
     0 | D:1      | 0 ||| qw: Do second Lair branch before Depths: true
     0 | D:1      | 0 ||| qw: Lair rune preference: random
     0 | D:1      | 0 ||| qw: Plans: Normal
     0 | D:1      | 0 ||| PLANNING D:1-11
   146 | D:1      | 146 ||| Stepping ~*~*~tactically~*~*~ (hiding).
   230 | D:1      | Reached skill level 3 in Axes
   363 | D:1      | Reached XP level 2. HP: 19/19 MP: 2/2
   396 | D:1      | Found Zuqu's General Store.
   405 | D:1      | 405 ||| SHOPLISTING +0 ring mail (48 gold, have 0).
   405 | D:1      | 405 ||| SHOPLISTING +2 ring mail of poison resistance (216
                  | gold, have 0).
   405 | D:1      | 405 ||| SHOPLISTING +5 robe of Kaukypn {rPois Archmagi}
                  | (610 gold, have 0).
   759 | D:1      | 759 ||| INVOKING Berserk.
  1044 | D:1      | Reached XP level 3. HP: 23/23 MP: 3/3
  1107 | D:1      | 1107 ||| DROPPING +0 club.
  1121 | D:1      | 1121 ||| READING scroll labelled YTAMNOAHEAV.
  1145 | D:1      | Found a faded altar of an unknown god.
  1181 | D:1      | 1181 ||| READING scroll labelled TAUTOE QEEMUFO.
  1182 | D:1      | 1182 ||| READING scroll labelled XUZ AJUTHRE.
  1276 | D:1      | 1276 ||| UPGRADING to +0 ring mail.
  1286 | D:1      | 1286 ||| DROPPING +0 animal skin.
  1287 | D:1      | 1287 ||| READING scroll labelled LALIKULEG.
  1288 | D:1      | 1288 ||| DRINKING 2 fizzy puce potions.
  1391 | D:2      | Identified the +7 whip of Indomitability {vorpal, Str+6
                  | Int-3 Stlth+}
  1393 | D:2      | 1393 ||| DROPPING +0 flail.
  1411 | D:2      | Reached skill level 4 in Axes
  1518 | D:2      | Reached ** piety under Trog
  1599 | D:2      | 1599 ||| INVOKING Berserk.
  1600 | D:2      | 1600 ||| INVOKING Berserk.
  1767 | D:2      | HP: 2/23 [orc priest/divine providence (17)]
  1768 | D:2      | 1768 ||| READING 2 scrolls of teleportation.
  1769 | D:2      | 1769 ||| INVOKING Berserk.
  1771 | D:2      | Killed from afar by an orc priest

Levels and vault maps discovered:
D:1:      sevenhm_arrival_forest_fort_large_2, layout_loops_ring, serial_shops,
          shop_fountains, shapermc_ecumenical_altar_mp_vishouse,
          minmay_tromino_v4_c
D:2:      cheibrodos_pilgrimage, layout_basic

Skill      XL: |  1  2  3 |
---------------+----------+-----
Axes           | 3 4 |  4.3
Fighting       | |  3.2
Armour         | |  2.1
Dodging        | |  1.5

Action                   || total
-------------------------++-------
Melee: Hand axe          ||   104
       Punch             ||     1
Invok: Berserk           ||     3
  Use: Scroll            ||     5
       Potion            ||     1
Armor: Animal skin       ||    17
       Ring mail         ||    23
Dodge: Dodged            ||    51

Table legend:
 A = Non-vault XP
 B = Vault XP
 C = Vault XP percentage of total XP
 D = Non-vault monster count
 E = Vault monster count
 F = Vault count percentage of total count
                 A         B        C        D         E       F
            +---------+---------+-------+---------+---------+-------
      Total |      75 |       8 |   9.6 |      34 |       3 |   8.1
            +---------+---------+-------+---------+---------+-------
        D:1 |      39 |       2 |   4.9 |      21 |       1 |   4.5
        D:2 |      36 |       6 |  14.3 |      13 |       2 |  13.3
            +---------+---------+-------+---------+---------+-------
